[Event "ESP-ch Rapid 2018"]
[Site "Linares"]
[Date "2018.08.19"]
[Round "6"]
[White "Cuenca Jimenez, Jose Fernando"]
[Black "Dominguez Alcon, Victor"]
[Result "0-1"]
[ECO "E92"]
[WhiteElo "2506"]
[BlackElo "2172"]
[Annotator "ChessBase"]
[PlyCount "88"]
[EventDate "2018.08.19"]
[EventType "team-tourn"]
[EventCountry "ESP"]
[SourceTitle "playchess.com"]
[Source "ChessBase"]
[SourceQuality "1"]
[TimeControl "900+5"]

1. Nf3 Nf6 2. c4 g6 3. d4 Bg7 4. Nc3 O-O 5. e4 d6 6. Be2 e5 7. d5 a5 8. Bg5 Na6 9. Nd2 Qe8 10. h4 h6 11. Be3 Nd7 12. g4 Ndc5 13. g5 h5 14. Nb3 a4 15. Nxc5 Nxc5 16. Qc2 Bd7 17. Rg1 c6 18. O-O-O Qe7 19. Qd2 Rfd8 20. Kb1 a3 21. b3 Rab8 22. f3 b6 23. b4 Na4 24. Nxa4 cxd5 25. Nc3 d4 26. Nd5 Qe8 27. Bf2 b5 28. Nf6+ Bxf6 29. gxf6 Qf8 30. c5 dxc5 31. bxc5 Qxc5 32. Ka1 Be6 33. Rc1 Qf8 34. Bd1 Rdc8 35. Bb3 Bxb3 36. axb3 b4 37. f4 Rc3 38. f5 Kh7 39. Rxc3 bxc3 40. Qc2 Qb4 41. Rb1 a2 42. Rf1 d3 43. Qxa2 c2 44. Be3 Qc3+ 0-1

[Event "ESP-ch Rapid 2018"]
[Site "Linares"]
[Date "2018.08.19"]
[Round "6"]
[White "Moreno Trujillo, Alejandro"]
[Black "Santos Latasa, Jaime"]
[Result "0-1"]
[ECO "E32"]
[WhiteElo "2497"]
[BlackElo "2582"]
[Annotator "ChessBase"]
[PlyCount "186"]
[EventDate "2018.08.19"]
[EventType "team-tourn"]
[EventCountry "ESP"]
[SourceTitle "playchess.com"]
[Source "ChessBase"]
[SourceQuality "1"]
[TimeControl "900+5"]

1. d4 Nf6 2. c4 e6 3. Nc3 Bb4 4. Qc2 O-O 5. Nf3 d6 6. Bg5 h6 7. Bh4 b6 8. e4 e5 9. Bd3 Re8 10. O-O-O Bxc3 11. Qxc3 Bg4 12. h3 Bxf3 13. gxf3 Nc6 14. dxe5 Nxe5 15. f4 Ng6 16. Bxf6 Qxf6 17. Qxf6 gxf6 18. Rhg1 Kh8 19. f5 Ne5 20. Be2 Rg8 21. Kd2 Rae8 22. Ke3 Nd7 23. Rg4 Nc5 24. f3 a5 25. Kd4 Re5 26. Rxg8+ Kxg8 27. Rg1+ Kf8 28. Bd1 c6 29. Bc2 Re8 30. b3 Na6 31. a3 c5+ 32. Ke3 Nb8 33. b4 axb4 34. axb4 Na6 35. Ba4 Rb8 36. bxc5 bxc5 37. Bc6 Rb3+ 38. Ke2 Nb4 39. Bd5 Rb2+ 40. Ke3 Rb3+ 41. Ke2 Nc2 42. Rg3 Nd4+ 43. Kf2 Rb2+ 44. Kf1 Ra2 45. f4 h5 46. h4 Nc2 47. Rb3 Nb4 48. Kg1 Re2 49. Ra3 Nxd5 50. exd5 Re4 51. Ra6 Rxf4 52. Rxd6 Rxh4 53. Rxf6 Rxc4 54. Rc6 Rc2 55. f6 Kg8 56. Rc7 c4 57. d6 Rd2 58. Rxc4 Kh7 59. Rc6 Kg6 60. Kf1 Kxf6 61. Ke1 Rd5 62. Kf2 Ke6 63. d7+ Kxd7 64. Rh6 Ke7 65. Kf3 Kf8 66. Kf4 Kg7 67. Ra6 f6 68. Ra8 Rb5 69. Rc8 Kf7 70. Ra8 Rd5 71. Rb8 Ke6 72. Re8+ Kf7 73. Ra8 Kg7 74. Rb8 Ra5 75. Rc8 Ra4+ 76. Kf5 h4 77. Rc7+ Kh6 78. Kxf6 Rf4+ 79. Ke5 Rf1 80. Rc8 Kg5 81. Rg8+ Kh5 82. Ke4 h3 83. Rh8+ Kg4 84. Rg8+ Kh4 85. Ke3 h2 86. Rh8+ Kg3 87. Rg8+ Kh3 88. Rh8+ Kg2 89. Rg8+ Kh1 90. Ke2 Rg1 91. Rh8 Kg2 92. Rg8+ Kh3 93. Rh8+ Kg3 0-1

[Event "ESP-ch Rapid 2018"]
[Site "Linares"]
[Date "2018.08.19"]
[Round "6"]
[White "Espinosa Aranda, Angel"]
[Black "Santos Ruiz, Miguel"]
[Result "0-1"]
[ECO "B50"]
[WhiteElo "2451"]
[BlackElo "2517"]
[Annotator "ChessBase"]
[PlyCount "66"]
[EventDate "2018.08.19"]
[EventType "team-tourn"]
[EventCountry "ESP"]
[SourceTitle "playchess.com"]
[Source "ChessBase"]
[SourceQuality "1"]
[TimeControl "900+5"]

1. e4 c5 2. Nf3 d6 3. Nc3 Nf6 4. e5 dxe5 5. Nxe5 a6 6. g3 Qd6 7. Qe2 Nc6 8. Nc4 Qc7 9. Bg2 Nd4 10. Qd1 Bg4 11. f3 Be6 12. Ne3 g6 13. O-O Bg7 14. d3 O-O 15. Ne4 Rfd8 16. c3 Nb5 17. Qe2 Rac8 18. Nc4 Nxe4 19. dxe4 Nd6 20. Ne3 b5 21. f4 Nc4 22. Nd5 Bxd5 23. exd5 Qd7 24. a4 Nb6 25. axb5 axb5 26. Ra5 c4 27. Rd1 Na4 28. Be3 b4 29. Ra7 Qb5 30. Bd4 Bxd4+ 31. Rxd4 bxc3 32. Qxe7 Rf8 33. Rb7 Qxb7 0-1

[Event "ESP-ch Rapid 2018"]
[Site "Linares"]
[Date "2018.08.19"]
[Round "6"]
[White "Cruz Lledo, Pablo"]
[Black "Ljubojevic, Ljubomir"]
[Result "1-0"]
[ECO "E48"]
[WhiteElo "2432"]
[BlackElo "2571"]
[Annotator "ChessBase"]
[PlyCount "95"]
[EventDate "2018.08.19"]
[EventType "team-tourn"]
[EventCountry "ESP"]
[SourceTitle "playchess.com"]
[Source "ChessBase"]
[SourceQuality "1"]
[TimeControl "900+5"]

1. d4 Nf6 2. c4 e6 3. Nc3 Bb4 4. e3 O-O 5. Bd3 d5 6. cxd5 exd5 7. Nge2 Re8 8. O-O Bd6 9. Ng3 c5 10. Nb5 Bf8 11. dxc5 Nc6 12. Nd6 Bxd6 13. cxd6 Qxd6 14. b3 Bg4 15. Qd2 Rad8 16. f3 Bc8 17. Bb2 Qb4 18. Qf2 Ne5 19. Rad1 Qa5 20. a3 Qb6 21. b4 Bd7 22. Bd4 Qc7 23. Rfe1 Qd6 24. Bb1 Qa6 25. Bb2 Ba4 26. Rc1 Bb5 27. Nf5 Bd3 28. Nxg7 Nfg4 29. Qg3 Kxg7 30. Qxg4+ Kf8 31. Bxe5 Rxe5 32. Qd4 Bxb1 33. Qxe5 Bg6 34. Qh8+ Ke7 35. Rc7+ Rd7 36. Qe5+ Qe6 37. Rxd7+ Kxd7 38. Qxe6+ fxe6 39. Rc1 Bd3 40. Kf2 Bc4 41. e4 Kc6 42. Ke3 Kb5 43. Kd4 Ka4 44. Rxc4 dxc4 45. Kxc4 Kxa3 46. f4 Ka4 47. f5 b5+ 48. Kc3 1-0

[Event "ESP-ch Rapid 2018"]
[Site "Linares"]
[Date "2018.08.19"]
[Round "6"]
[White "Llobell Cortell, Enrique"]
[Black "Jimenez Martinez, Jose Vicente"]
[Result "0-1"]
[ECO "B09"]
[WhiteElo "2411"]
[BlackElo "2243"]
[Annotator "NA"]
[PlyCount "112"]
[EventDate "2018.08.19"]
[EventType "team-tourn"]
[EventCountry "ESP"]
[SourceTitle "playchess.com"]
[Source "ChessBase"]
[SourceQuality "1"]
[TimeControl "900+5"]

1. e4 d6 2. d4 g6 3. Nc3 Bg7 4. f4 Nf6 5. Nf3 c5 6. Bb5+ Bd7 7. e5 Ng4 8. Bxd7+ Qxd7 9. h3 cxd4 10. Qxd4 Nc6 11. Qe4 f5 12. Qc4 Nh6 13. e6 Qd8 14. Be3 O-O 15. O-O Rc8 16. Nd5 Kh8 17. Qd3 Qa5 18. c3 Ng8 19. b4 Qa3 20. Rfb1 Nf6 21. Rb3 Qa4 22. Nxf6 Bxf6 23. Nd4 Nxd4 24. Bxd4 Qc6 25. Re1 Qc4 26. Qxc4 Rxc4 27. Bxa7 Ra8 28. Bd4 Bxd4+ 29. cxd4 Rxd4 30. Re2 Rxf4 31. a3 Rc4 32. Kh2 Kg7 33. Rf3 Rac8 34. Rb2 Re4 35. a4 Rxe6 36. a5 Re4 37. Ra3 Rcc4 38. b5 Ra4 39. Rxa4 Rxa4 40. a6 b6 41. Rc2 Ra5 42. Rc7 Kf6 43. a7 h6 44. h4 e5 45. Rc6 Ke6 46. Rc7 f4 47. Kg1 e4 48. Kf2 Ra2+ 49. Ke1 Kd5 50. Rc6 Rxa7 51. Rxb6 Ra2 52. Kf1 Rb2 53. Rb8 Kd4 54. b6 d5 55. b7 Ke3 56. Kg1 d4 0-1

[Event "ESP-ch Rapid 2018"]
[Site "Linares"]
[Date "2018.08.19"]
[Round "6"]
[White "Tejedor Fuente, Enrique"]
[Black "Galvez Extremera, Francisco"]
[Result "1-0"]
[ECO "B10"]
[WhiteElo "2408"]
[BlackElo "2142"]
[Annotator "NA"]
[PlyCount "68"]
[EventDate "2018.08.19"]
[EventType "team-tourn"]
[EventCountry "ESP"]
[SourceTitle "playchess.com"]
[Source "ChessBase"]
[SourceQuality "1"]
[TimeControl "900+5"]

1. e4 c6 2. Nc3 d5 3. Nf3 dxe4 4. Nxe4 Nf6 5. Qe2 Bf5 6. d3 e6 7. Nxf6+ Qxf6 8. g3 Bg4 9. Bg2 Bb4+ 10. Kf1 Na6 11. h3 Bh5 12. g4 Bg6 13. c3 Qd8 14. d4 Be7 15. h4 h5 16. Ne5 Bh7 17. Qf3 O-O 18. gxh5 Bxh4 19. Qg4 Bf6 20. Bf4 Nc7 21. Rg1 Qe7 22. Re1 Rad8 23. Be4 Bxe4 24. Rxe4 Nd5 25. Bh6 Kh7 26. Bxg7 Rg8 27. h6 Bg5 28. Qxg5 Qxg5 29. Rxg5 f6 30. Nf7 Rd7 31. Ne5 fxe5 32. Rgxe5 Rf7 33. Rxe6 Rd8 34. Re8 Rxe8 1-0

[Event "ESP-ch Rapid 2018"]
[Site "Linares"]
[Date "2018.08.19"]
[Round "6"]
[White "Fernandez Garcia, Jose Miguel"]
[Black "Arizmendi Martinez, Julen Luis"]
[Result "0-1"]
[ECO "C16"]
[WhiteElo "2404"]
[BlackElo "2507"]
[Annotator "ChessBase"]
[PlyCount "72"]
[EventDate "2018.08.19"]
[EventType "team-tourn"]
[EventCountry "ESP"]
[SourceTitle "playchess.com"]
[Source "ChessBase"]
[SourceQuality "1"]
[TimeControl "900+5"]

1. e4 e6 2. d4 d5 3. Nc3 Bb4 4. e5 Ne7 5. Qg4 c5 6. dxc5 Nbc6 7. Bd2 O-O 8. Nf3 Bxc5 9. Bd3 Ng6 10. Qh5 f6 11. exf6 Qxf6 12. Ng5 h6 13. Bxg6 Qxf2+ 14. Kd1 e5 15. Re1 Qxg2 16. Kc1 Ne7 17. Bh7+ Kh8 18. Bd3 e4 19. Ngxe4 dxe4 20. Qxc5 exd3 21. Qxe7 Bf5 22. cxd3 Bxd3 23. Qe3 Bh7 24. Qg3 Qc6 25. Rg1 Rf7 26. Qg2 Qf6 27. b3 Qf5 28. Kb2 Qc2+ 29. Ka3 Rd8 30. Rad1 Rd6 31. Na4 b5 32. Rc1 Qxd2 33. Rc8+ Bg8 34. Nc5 Qa5+ 35. Na4 bxa4 36. Qa8 axb3+ 0-1

[Event "ESP-ch Rapid 2018"]
[Site "Linares"]
[Date "2018.08.19"]
[Round "6"]
[White "Pallardo Lozoya, Jose Vicente"]
[Black "Garcia Garcia, Adrian Antonio"]
[Result "1/2-1/2"]
[ECO "C41"]
[WhiteElo "2382"]
[BlackElo "2179"]
[Annotator "NA"]
[PlyCount "106"]
[EventDate "2018.08.19"]
[EventType "team-tourn"]
[EventCountry "ESP"]
[SourceTitle "playchess.com"]
[Source "ChessBase"]
[SourceQuality "1"]
[TimeControl "900+5"]

1. e4 e5 2. Nf3 d6 3. d4 exd4 4. Qxd4 a6 5. Bc4 Nc6 6. Qe3 Be7 7. O-O Nf6 8. h3 O-O 9. Nc3 b5 10. Bd5 Bb7 11. a3 Nxd5 12. exd5 Na5 13. Qd3 Bf6 14. Ne4 Nc4 15. Bg5 Bxg5 16. Nexg5 g6 17. Ne4 Ne5 18. Nxe5 dxe5 19. Rad1 Bc8 20. f4 f5 21. Nc5 Qd6 22. Qe3 e4 23. Rd2 Bd7 24. Rfd1 Rae8 25. b4 Bc8 26. Ra1 g5 27. Rf1 h6 28. Rff2 Kh7 29. Kf1 Qf6 30. c3 Qd6 31. Ke1 Rg8 32. Kf1 Rg6 33. Kg1 Reg8 34. Kh1 g4 35. Rf1 gxh3 36. Qxh3 Qf6 37. Ne6 Bxe6 38. dxe6 Qxe6 39. Rfd1 R8g7 40. Rd5 e3 41. Re5 Qc6 42. Rg1 Qxc3 43. Qxf5 Qc6 44. Qe4 Qf6 45. Rh5 e2 46. f5 Rg5 47. Qxe2 Rxh5+ 48. Qxh5 Rg5 49. Qh3 Rxf5 50. Rd1 Rf1+ 51. Rxf1 Qxf1+ 52. Kh2 Qf4+ 53. Kh1 Qf1+ 1/2-1/2

[Event "ESP-ch Rapid 2018"]
[Site "Linares"]
[Date "2018.08.19"]
[Round "6"]
[White "Matnadze, Ana"]
[Black "Silva Rodriguez, Fernando"]
[Result "0-1"]
[ECO "D02"]
[WhiteElo "2378"]
[BlackElo "2239"]
[Annotator "NA"]
[PlyCount "82"]
[EventDate "2018.08.19"]
[EventType "team-tourn"]
[EventCountry "ESP"]
[SourceTitle "playchess.com"]
[Source "ChessBase"]
[SourceQuality "1"]
[TimeControl "900+5"]

1. d4 d5 2. Nf3 Nf6 3. g3 e6 4. Bg2 b5 5. O-O Bb7 6. a4 b4 7. Ne5 Nbd7 8. a5 Rc8 9. a6 Ba8 10. c4 c5 11. cxd5 Bxd5 12. Bxd5 Nxd5 13. e4 N5f6 14. Qa4 Be7 15. Bg5 h6 16. Nc6 Qb6 17. Nxe7 Kxe7 18. Bxf6+ Nxf6 19. e5 Nd7 20. dxc5 Nxc5 21. Qc2 Rhd8 22. Nd2 Nd3 23. Nc4 Nxe5 24. b3 Qc6 25. f4 Nxc4 26. bxc4 Qxc4 27. Qg2 Qd4+ 28. Kh1 Qd5 29. Rf3 Rc2 30. Qxc2 Qxf3+ 31. Kg1 Qe3+ 32. Kh1 Rd2 33. Qc7+ Kf6 34. Qe5+ Qxe5 35. fxe5+ Kxe5 36. Ra5+ Rd5 37. Ra2 b3 38. Rb2 Rb5 39. Kg2 Kd4 40. Kf2 Kc3 41. Rb1 b2 0-1

[Event "ESP-ch Rapid 2018"]
[Site "Linares"]
[Date "2018.08.19"]
[Round "6"]
[White "Estremera Panos, Sergio"]
[Black "Riquelme Valero, Manuel Damian"]
[Result "1-0"]
[ECO "D20"]
[WhiteElo "2337"]
[BlackElo "2150"]
[Annotator "NA"]
[PlyCount "53"]
[EventDate "2018.08.19"]
[EventType "team-tourn"]
[EventCountry "ESP"]
[SourceTitle "playchess.com"]
[Source "ChessBase"]
[SourceQuality "1"]
[TimeControl "900+5"]

1. d4 d5 2. c4 dxc4 3. e3 Nf6 4. Bxc4 a6 5. Nf3 e6 6. Qe2 b5 7. Bd3 Bb7 8. O-O Nbd7 9. e4 Be7 10. a4 b4 11. Nbd2 O-O 12. e5 Nd5 13. Ne4 c5 14. dxc5 Nxc5 15. Nxc5 Bxc5 16. Ng5 g6 17. Ne4 Be7 18. Bh6 Re8 19. Rac1 Qa5 20. Qf3 Rec8 21. Bc4 Qd8 22. Bd3 Rxc1 23. Rxc1 Rc8 24. Re1 Qd7 25. b3 Nc3 26. Nf6+ Bxf6 27. Qxf6 1-0

[Event "ESP-ch Rapid 2018"]
[Site "Linares"]
[Date "2018.08.19"]
[Round "6"]
[White "Gavilan Diaz, Mario"]
[Black "Rodriguez Martin, Emilio"]
[Result "1-0"]
[ECO "D96"]
[WhiteElo "2334"]
[BlackElo "2159"]
[Annotator "NA"]
[PlyCount "83"]
[EventDate "2018.08.19"]
[EventType "team-tourn"]
[EventCountry "ESP"]
[SourceTitle "playchess.com"]
[Source "ChessBase"]
[SourceQuality "1"]
[TimeControl "900+5"]

1. d4 d5 2. c4 c6 3. Nf3 Nf6 4. Nc3 g6 5. Bf4 Bg7 6. e3 O-O 7. Be2 e6 8. O-O Nbd7 9. h3 dxc4 10. Bxc4 Nb6 11. Be2 Nbd5 12. Bh2 Nxc3 13. bxc3 Qa5 14. Qb3 Rd8 15. Ne5 Ne8 16. Nc4 Qd5 17. Bf3 Qd7 18. Qa3 Nc7 19. Rab1 Bf8 20. Qa5 b6 21. Qg5 Be7 22. Qg3 Nd5 23. Ne5 Qe8 24. c4 Nb4 25. a3 f6 26. axb4 fxe5 27. Qxe5 Bd6 28. Qe4 Bxh2+ 29. Kxh2 Bd7 30. c5 b5 31. Ra1 Qf7 32. Qe5 Qf5 33. Qxf5 gxf5 34. Ra6 Rdc8 35. Rfa1 Rc7 36. R6a5 Rb7 37. Ra6 Rc7 38. R1a5 Kf7 39. Rxb5 cxb5 40. Bxa8 Ke7 41. c6 Bc8 42. Bb7 1-0

[Event "ESP-ch Rapid 2018"]
[Site "Linares"]
[Date "2018.08.19"]
[Round "6"]
[White "Calzetta Ruiz, Monica"]
[Black "Gomez Fernandez, Alfredo"]
[Result "1-0"]
[ECO "B91"]
[WhiteElo "2302"]
[BlackElo "1827"]
[Annotator "NA"]
[PlyCount "97"]
[EventDate "2018.08.19"]
[EventType "team-tourn"]
[EventCountry "ESP"]
[SourceTitle "playchess.com"]
[Source "ChessBase"]
[SourceQuality "1"]
[TimeControl "900+5"]

1. e4 c5 2. Nf3 d6 3. d4 cxd4 4. Nxd4 Nf6 5. Nc3 a6 6. g3 Nc6 7. Bg2 Bd7 8. Nde2 Qc7 9. O-O g6 10. Nf4 e6 11. b3 Bg7 12. Ba3 Bf8 13. Qd2 b5 14. Bb2 Bg7 15. Rad1 Ke7 16. Rfe1 b4 17. Ncd5+ exd5 18. exd5+ Ne5 19. Bxe5 Kd8 20. Bd4 Re8 21. Qxb4 Rb8 22. Qc3 Qxc3 23. Bxc3 Nh5 24. Ba5+ Kc8 25. Nxh5 gxh5 26. c4 Kb7 27. Rxe8 Rxe8 28. Re1 Rxe1+ 29. Bxe1 h4 30. gxh4 Kb6 31. f4 Kc5 32. Kf2 Bd4+ 33. Kf3 Bg1 34. Bg3 Kb4 35. f5 Bc5 36. Kg4 Ka3 37. Kg5 Kxa2 38. f6 Kxb3 39. Kh6 Bf5 40. Kg7 Bg6 41. Bf3 a5 42. h5 a4 43. hxg6 a3 44. gxf7 a2 45. f8=Q a1=Q 46. Qb8+ Kxc4 47. Be2+ Kxd5 48. Qb3+ Ke4 49. Qd3# {[%emt 0:00:08] Kd5} 1-0

[Event "ESP-ch Rapid 2018"]
[Site "Linares"]
[Date "2018.08.19"]
[Round "6"]
[White "Buendia Pinar, Alvaro"]
[Black "Fernandez Garcia, Jose Miguel"]
[Result "1-0"]
[ECO "D08"]
[WhiteElo "2278"]
[BlackElo "2404"]
[Annotator "NA"]
[PlyCount "87"]
[EventDate "2018.08.19"]
[EventType "team-tourn"]
[EventCountry "ESP"]
[SourceTitle "playchess.com"]
[Source "ChessBase"]
[SourceQuality "1"]
[TimeControl "900+5"]

1. d4 d5 2. c4 e5 3. dxe5 d4 4. Nf3 Nc6 5. a3 Nge7 6. b4 Ng6 7. Bb2 a5 8. b5 Ncxe5 9. Nxe5 Nxe5 10. Qxd4 Qxd4 11. Bxd4 Nxc4 12. e3 Be6 13. Be2 a4 14. O-O f6 15. Rc1 Na5 16. Nd2 Bd6 17. Bd1 Nb3 18. Nxb3 axb3 19. Rcb1 Rxa3 20. Rxa3 Bxa3 21. Bxb3 Bxb3 22. Rxb3 Bd6 23. Rb1 Kd7 24. Ra1 Ke6 25. e4 Be5 26. Bxe5 Kxe5 27. Rc1 Rc8 28. f3 Kd4 29. Kf2 Kd3 30. Rd1+ Kc4 31. Rb1 Kc5 32. Ke3 Ra8 33. f4 Ra3+ 34. Ke2 Ra5 35. Rc1+ Kb6 36. Rd1 Rxb5 37. Rd7 Rb2+ 38. Kf3 Kc6 39. Rxg7 b5 40. Rf7 b4 41. Rxf6+ Kc5 42. Rf7 Kb6 43. Rf8 Rb1 44. e5 1-0

[Event "ESP-ch Rapid 2018"]
[Site "Linares"]
[Date "2018.08.19"]
[Round "6"]
[White "Tudela Corbalan, Carlos"]
[Black "Roldan Marques, Daniel"]
[Result "0-1"]
[ECO "A25"]
[WhiteElo "2246"]
[BlackElo "2161"]
[Annotator "NA"]
[PlyCount "62"]
[EventDate "2018.08.19"]
[EventType "team-tourn"]
[EventCountry "ESP"]
[SourceTitle "playchess.com"]
[Source "ChessBase"]
[SourceQuality "1"]
[TimeControl "900+5"]

1. c4 e5 2. Nc3 Nc6 3. g3 Bc5 4. Bg2 d6 5. e3 a6 6. Nge2 Ba7 7. a3 Bf5 8. d3 Nge7 9. b4 O-O 10. Bb2 Qd7 11. h3 Rab8 12. Qd2 b5 13. g4 Be6 14. Nd5 f5 15. g5 f4 16. exf4 bxc4 17. dxc4 Nf5 18. h4 Ncd4 19. Nxd4 Nxd4 20. Rd1 c6 21. fxe5 Nb3 22. Qc3 Bxf2+ 23. Ke2 Bg4+ 24. Kd3 Qf5+ 25. Be4 Be2+ 26. Kxe2 Qxe4+ 27. Ne3 Rf3 28. Rd3 Bxe3 29. Kd1 Bd4 30. Rxd4 Nxd4 31. Qxd4 Rd3+ 0-1

[Event "ESP-ch Rapid 2018"]
[Site "Linares"]
[Date "2018.08.19"]
[Round "6"]
[White "Jimenez Martinez, Jose Vicente"]
[Black "Blanco Acevedo, Cristobal Jose"]
[Result "0-1"]
[ECO "D85"]
[WhiteElo "2243"]
[BlackElo "2336"]
[Annotator "NA"]
[PlyCount "58"]
[EventDate "2018.08.19"]
[EventType "team-tourn"]
[EventCountry "ESP"]
[SourceTitle "playchess.com"]
[Source "ChessBase"]
[SourceQuality "1"]
[TimeControl "900+5"]

1. d4 Nf6 2. c4 g6 3. Nc3 d5 4. cxd5 Nxd5 5. e4 Nxc3 6. bxc3 Bg7 7. Be3 O-O 8. Qd2 Re8 9. h4 e5 10. d5 f5 11. f3 b6 12. Bd3 Na6 13. Bb5 Rf8 14. Rb1 Qd6 15. Qe2 Nc5 16. Qc4 Rb8 17. h5 gxh5 18. Rxh5 h6 19. Ne2 Qg6 20. Rh4 fxe4 21. fxe4 Qxg2 22. Kd2 Bg4 23. Bxc5 bxc5 24. Rg1 Bxe2 25. Rxg2 Bxc4 26. Rhg4 Rxb5 27. Rxg7+ Kh8 28. Kc2 Ra5 29. Kb1 Rf1+ 0-1

[Event "ESP-ch Rapid 2018"]
[Site "Linares"]
[Date "2018.08.19"]
[Round "6"]
[White "Orantes Taboada, Francisco"]
[Black "Iglesias Leon, Francisco J"]
[Result "1/2-1/2"]
[ECO "C41"]
[WhiteElo "2242"]
[BlackElo "2129"]
[Annotator "NA"]
[PlyCount "117"]
[EventDate "2018.08.19"]
[EventType "team-tourn"]
[EventCountry "ESP"]
[SourceTitle "playchess.com"]
[Source "ChessBase"]
[SourceQuality "1"]
[TimeControl "900+5"]

1. e4 d6 2. d4 Nf6 3. Nc3 e5 4. Nf3 Nbd7 5. dxe5 dxe5 6. Bc4 Be7 7. O-O O-O 8. a4 b6 9. Nd5 Bb7 10. Nxe7+ Qxe7 11. Bg5 Bxe4 12. Re1 Qc5 13. Bb3 h6 14. Bh4 Rad8 15. Qe2 Bxf3 16. Qxf3 e4 17. Qe2 Qe5 18. a5 Qxb2 19. axb6 axb6 20. Bg3 Qc3 21. Ra3 Qc5 22. Ra4 b5 23. Ra5 c6 24. Rea1 Nb6 25. h3 Nbd5 26. c4 Nc3 27. Qc2 Qd4 28. Rc1 b4 29. Be5 Qb6 30. Bxc3 Qxa5 31. Bxf6 gxf6 32. Qxe4 Qg5 33. Ra1 Qe5 34. Qg4+ Kh8 35. Rb1 Rg8 36. Qf3 c5 37. Bc2 Rd2 38. Bf5 Rg5 39. Be4 Rd4 40. Bc2 Rxc4 41. Qd3 Rxc2 42. Qxc2 Qd5 43. g3 Qd4 44. Kh2 Rd5 45. Qe2 Re5 46. Qf3 Qe4 47. Qxf6+ Kg8 48. Rd1 Re8 49. Rd6 b3 50. Rb6 c4 51. Qxh6 Qf5 52. Rf6 Qe5 53. Rf4 Re6 54. Rg4+ Rg6 55. Rxg6+ fxg6 56. Qxg6+ Qg7 57. Qe8+ Qf8 58. Qg6+ Qg7 59. Qe8+ {[%emt 0:00:01] Qf7 [%clk 0:04:14] Qe6 [%clk 0:00:33] Kf8 [%clk 0:04:17] Qc8+ [%clk 0:00:36] Ke7 [%clk 0:04:19] Qc7+ [%clk 0:00:40] Kf6 [%clk 0:04:21] Qf4+ [%clk 0:00:42] Ke7 [%clk 0:04:25] Qc7+ [%clk 0:00:45] Kf8 [%clk 0:04:28] Qd8+ [%clk 0:00:42] Kg7 [%clk 0:04:31] Qd4+ [%clk 0:00:44] Qf6 [%clk 0:04:20] Qg4+ [%clk 0:00:47] Kf8 [%clk 0:04:22] Qc8+ [%clk 0:00:51] Kg7 [%clk 0:04:26] Qg4+ [%clk 0:00:54] Kf8 Qc8+} 1/2-1/2

[Event "ESP-ch Rapid 2018"]
[Site "Linares"]
[Date "2018.08.19"]
[Round "6"]
[White "Blazquez Gomez, Juan Carlos"]
[Black "Redondo Flores, David"]
[Result "0-1"]
[ECO "B20"]
[WhiteElo "2240"]
[BlackElo "1971"]
[Annotator "NA"]
[PlyCount "54"]
[EventDate "2018.08.19"]
[EventType "team-tourn"]
[EventCountry "ESP"]
[SourceTitle "playchess.com"]
[Source "ChessBase"]
[SourceQuality "1"]
[TimeControl "900+5"]

1. e4 c5 2. a3 e6 3. b4 d5 4. exd5 exd5 5. Bb5+ Nc6 6. Qe2+ Be6 7. Nf3 a6 8. Bxc6+ bxc6 9. Bb2 Nf6 10. O-O h6 11. bxc5 Bxc5 12. Nd4 Bxd4 13. Bxd4 O-O 14. Nc3 Bf5 15. d3 Re8 16. Qf3 Bg6 17. Na4 Nd7 18. Bc3 Qh4 19. g4 Ne5 20. Bxe5 Rxe5 21. Qg3 Qe7 22. f4 Re3 23. Qg2 Re8 24. f5 Bh7 25. Rf2 Re1+ 26. Rxe1 Qxe1+ 27. Rf1 Qa5 0-1

[Event "ESP-ch Rapid 2018"]
[Site "Linares"]
[Date "2018.08.19"]
[Round "6"]
[White "Garcia Romero, Benjamin Abel"]
[Black "Collado Barbas, Laura"]
[Result "1-0"]
[ECO "C06"]
[WhiteElo "2230"]
[BlackElo "2095"]
[Annotator "NA"]
[PlyCount "71"]
[EventDate "2018.08.19"]
[EventType "team-tourn"]
[EventCountry "ESP"]
[SourceTitle "playchess.com"]
[Source "ChessBase"]
[SourceQuality "1"]
[TimeControl "900+5"]

1. e4 e6 2. d4 d5 3. Nd2 Nf6 4. e5 Nfd7 5. Bd3 c5 6. c3 Nc6 7. Ne2 cxd4 8. cxd4 f6 9. exf6 Nxf6 10. Nf3 Bd6 11. O-O O-O 12. Bf4 Bxf4 13. Nxf4 Ne4 14. g3 Qe8 15. Bb5 g5 16. Nd3 Qh5 17. Bxc6 Rxf3 18. Ne5 g4 19. Bb5 Ng5 20. Be2 Nh3+ 21. Kg2 Nxf2 22. Rxf2 Rxf2+ 23. Kxf2 Qxh2+ 24. Ke3 Qxg3+ 25. Kd2 Qf4+ 26. Kc3 b5 27. Kb3 a5 28. a3 Ba6 29. Qc1 Qg3+ 30. Ka2 Qh4 31. Qc6 Rf8 32. Qxe6+ Kg7 33. Rg1 g3 34. Qxa6 Qxd4 35. Rxg3+ Kh8 36. Nf7+ 1-0

[Event "ESP-ch Rapid 2018"]
[Site "Linares"]
[Date "2018.08.19"]
[Round "6"]
[White "Beltran De Heredia E, Miguel"]
[Black "Gomez Gandolfo, Ruben"]
[Result "1-0"]
[ECO "B89"]
[WhiteElo "2229"]
[BlackElo "1855"]
[Annotator "NA"]
[PlyCount "57"]
[EventDate "2018.08.19"]
[EventType "team-tourn"]
[EventCountry "ESP"]
[SourceTitle "playchess.com"]
[Source "ChessBase"]
[SourceQuality "1"]
[TimeControl "900+5"]

1. e4 c5 2. Nf3 Nc6 3. Nc3 d6 4. d4 cxd4 5. Nxd4 Nf6 6. Be3 e6 7. Bc4 Be7 8. Qe2 O-O 9. Bb3 a6 10. O-O-O Qc7 11. Rhg1 b5 12. g4 b4 13. Nxc6 Qxc6 14. Nd5 Nxd5 15. exd5 Qd7 16. f4 a5 17. dxe6 fxe6 18. f5 Ba6 19. Qg2 Kh8 20. Bxe6 Qc7 21. g5 Bc4 22. Bxc4 Qxc4 23. f6 gxf6 24. g6 Rfc8 25. Kb1 Qe6 26. Bh6 Qf5 27. gxh7 Qxh7 28. Bg7+ Kg8 29. Qd5# 1-0

[Event "ESP-ch Rapid 2018"]
[Site "Linares"]
[Date "2018.08.19"]
[Round "6"]
[White "Alvarez Serrano, Carlos"]
[Black "Domingo Nunez, Alejandro"]
[Result "0-1"]
[ECO "A48"]
[WhiteElo "2225"]
[BlackElo "2373"]
[Annotator "NA"]
[PlyCount "70"]
[EventDate "2018.08.19"]
[EventType "team-tourn"]
[EventCountry "ESP"]
[SourceTitle "playchess.com"]
[Source "ChessBase"]
[SourceQuality "1"]
[TimeControl "900+5"]

1. d4 Nf6 2. Nf3 g6 3. c4 Bg7 4. g3 d6 5. Bg2 O-O 6. O-O Nbd7 7. Nc3 c5 8. b3 Rb8 9. e4 Ne8 10. Be3 Nc7 11. Rc1 a6 12. dxc5 dxc5 13. Na4 Ne6 14. Bh3 b6 15. Qd3 Nd4 16. Bf4 e5 17. Bxd7 exf4 18. Bxc8 Qxc8 19. Nxd4 Rd8 20. Nc3 Rxd4 21. Qf3 fxg3 22. hxg3 Qe6 23. Rce1 b5 24. cxb5 axb5 25. Nd5 Qe5 26. Nf4 c4 27. Re3 Rd2 28. Re2 Rbd8 29. bxc4 bxc4 30. Rxd2 Rxd2 31. Rc1 c3 32. Nd5 c2 33. Qb3 Qb2 34. Kg2 Qxb3 35. axb3 Bb2 0-1

[Event "ESP-ch Rapid 2018"]
[Site "Linares"]
[Date "2018.08.19"]
[Round "6"]
[White "Vinuela Diaz, Saul"]
[Black "Crespo Ruiz, Manuel Maria"]
[Result "0-1"]
[ECO "D12"]
[WhiteElo "2216"]
[BlackElo "2026"]
[Annotator "NA"]
[PlyCount "94"]
[EventDate "2018.08.19"]
[EventType "team-tourn"]
[EventCountry "ESP"]
[SourceTitle "playchess.com"]
[Source "ChessBase"]
[SourceQuality "1"]
[TimeControl "900+5"]

1. Nf3 Nf6 2. c4 c6 3. d4 d5 4. e3 Bf5 5. Nc3 e6 6. Nh4 Bg6 7. Nxg6 hxg6 8. Qc2 Nbd7 9. Be2 Bd6 10. h3 Qe7 11. O-O O-O 12. e4 dxe4 13. Nxe4 Nxe4 14. Qxe4 e5 15. c5 exd4 16. Qxd4 Bxc5 17. Qc4 Nb6 18. Qc2 Nd5 19. Bc4 Rad8 20. Bd2 Bb6 21. Rae1 Qf6 22. Qc1 Qd4 23. Bg5 Rd7 24. Rd1 Qc5 25. a3 a5 26. Rd3 Qd6 27. Rfd1 Qe5 28. Bh4 Re8 29. Bg3 Qe4 30. Rf3 Red8 31. Re1 Qd4 32. b3 Ba7 33. a4 Qc5 34. Bh4 Rf8 35. Qg5 b5 36. axb5 cxb5 37. Bd3 Nc7 38. Qg4 Rd4 39. Qg3 Qb4 40. Rc1 Ne6 41. Qe5 Rxh4 42. Bxg6 Qd4 43. Bxf7+ Rxf7 44. Qxe6 Rhf4 45. Rc8+ Kh7 46. Qe8 Rxf3 47. gxf3 Qxf2+ 0-1